AoeStats
← HR nomadplayer

Arabia

507411995Analyzed
4v4 RM · 13d ago on Sep 18, 2026· 33m 38s· 8 players
Game mode
Random Map
Map size
Large (8 player)
Population
200
Speed
Normal
Resources
Standard
Victory
Conquest
Starting age
Dark Age
Ending age
Imperial Age
RankedLock teamsTeams togetherTeam positionsShared explorationLock speedFull tech treeHidden civsTurbo modeCheats
Victory
Defeat
🇨🇱 Aztecs · Chile
1862
+13
🇨🇱 Burgundians · Chile
1845
+13
🇨🇱 Jurchens · Chile
1841
+14
🇨🇱 Berbers · Chile
1723
+18
🇨🇱 Malians · Chile
1949
-21
🇨🇱 Vietnamese · Chile
1831
-16
🇨🇱 Chinese · Chile
1781
-14
🇨🇱 Spanish · Chile
1585
-7
CL | Inkisidor_
6:00 Loom
8:43 Feudal Age
11:29 Double-Bit Axe
12:22 Fletching
23:15 Castle Age
22:20 Horse Collar
22:30 Gold Mining
24:09 Bow Saw
23:55 Bodkin Arrow
23:24 Crossbowman
24:01 Town Watch
25:57 Ballistics
32:40 Guard Tower
[CL] Pain
6:26 Loom
8:49 Feudal Age
13:36 Fletching
16:37 Padded Archer Armor
22:59 Castle Age
21:16 Double-Bit Axe
21:52 Horse Collar
23:04 Crossbowman
23:40 Bodkin Arrow
24:01 Bow Saw
24:16 Gold Mining
25:42 Ballistics
27:51 Wheelbarrow
28:27 Heavy Plow
29:23 Leather Archer Armor
32:16 Thumb Ring
[CL] castiii
0:25 Loom
8:46 Feudal Age
9:33 Double-Bit Axe
9:39 Horse Collar
14:23 Scale Barding Armor
18:12 Bloodlines
18:47 Bloodlines
22:16 Castle Age
20:24 Gold Mining
20:54 Bloodlines
23:18 Husbandry
23:40 Chain Barding Armor
24:06 Bow Saw
25:13 Forging
30:18 Wheelbarrow
33:23 Iron Casting
OS+ | FaNaTiick
6:09 Loom
8:56 Feudal Age
9:30 Double-Bit Axe
10:14 Horse Collar
12:51 Scale Barding Armor
15:44 Forging
16:34 Bloodlines
19:56 Wheelbarrow
24:23 Castle Age
25:27 Chain Barding Armor
24:28 Light Cavalry
25:09 Husbandry
26:27 Iron Casting
27:39 Town Watch
HR nomadplayer
3:38 Double-Bit Axe
6:20 Loom
9:17 Feudal Age
12:40 Town Watch
15:20 Scale Barding Armor
17:36 Wheelbarrow
17:23 Forging
21:29 Castle Age
19:54 Bow Saw
19:48 Horse Collar
20:23 Gold Mining
21:32 Light Cavalry
22:33 Chain Barding Armor
22:15 Husbandry
22:18 Heavy Plow
22:06 Cavalier
27:14 Cavalier
29:48 Iron Casting
33:14 Hand Cart
32:44 Town Watch
HR AboKeiTo
6:26 Loom
8:56 Feudal Age
11:11 Town Watch
12:59 Fletching
24:01 Castle Age
22:34 Double-Bit Axe
23:44 Horse Collar
24:04 Crossbowman
24:43 Bodkin Arrow
25:58 Ballistics
28:01 Wheelbarrow
27:17 Gold Mining
33:04 Gold Shaft Mining
HR pikoLein
6:01 Loom
8:26 Feudal Age
10:09 Double-Bit Axe
10:13 Horse Collar
15:16 Scale Barding Armor
17:38 Forging
22:32 Castle Age
21:58 Gold Mining
22:46 Bloodlines
23:36 Chain Barding Armor
23:06 Fletching
23:28 Bow Saw
23:19 Heavy Plow
23:57 Husbandry
30:55 Wheelbarrow
30:07 Town Watch
32:18 Iron Casting
HR Pinkman
6:25 Loom
9:14 Feudal Age
11:59 Fletching
21:32 Castle Age
20:05 Padded Archer Armor
20:08 Double-Bit Axe
21:36 Crossbowman
22:17 Bodkin Arrow
25:45 Ballistics
30:50 Wheelbarrow
Connection lost

Rejoining the realm…

Still unreachable

The connection could not be restored.

Session expired

The server has moved on; the page needs a fresh start.